[Event "Late-Titled-Tuesday-Blitz-March-26-2024"]
[Site "Chess.com"]
[Date "2024.03.26"]
[Round "1"]
[White "Gentlejimmy7"]
[Black "Chempiblinka"]
[Result "1/2-1/2"]
[WhiteElo "2676"]
[BlackElo "2385"]
[TimeControl "180+1"]
[EndTime "14:08:37 PDT"]
[Termination "Game drawn by repetition"]

1. c4 Nf6 2. g3 g6 3. Bg2 Bg7 4. Nf3 O-O 5. O-O c5 6. d4 cxd4 7. Nxd4 Nc6 8. Nc3 Ng4 9. e3 Nge5 10. b3 d6 11. Bb2 Bg4 12. Qc2 Rb8 13. f4 Nxd4 14.
exd4 Nc6 15. d5 Nd4 16. Qd2 Qb6 17. Kh1 Bd7 18. Rae1 Rfe8 19. Ne4 h6 20. Rc1 Rbc8 21. b4 a5 22. b5 a4 23. Qb4 Ra8 24. c5 dxc5 25. Nxc5 Qxb5 26. Qxb5 Bxb5 27. Rfd1 Ne2 28. Rc2 Bxb2 29. Rxb2 Bc4 30. Bf1 Nc3 31. Rc1 Bxf1 32.
Rxc3 Ba6 33. Nxb7 Rab8 34. Rc7 Bxb7 35. Rbxb7 Rxb7 36. Rxb7 Rd8 37. Rb4 a3 38. Rb3 Rxd5 39. Rxa3 Rd1+ 40. Kg2 Rd2+ 41. Kh3 e6 42. g4 Kg7 43.
Kg3 Rb2 44. h3 Rc2 45. Ra4 Rd2 46. Ra5 Rb2 47. a3 Rc2 48. f5 gxf5 49. gxf5 exf5 50.
h4 Ra2 51. Kf4 Kg6 52. Ra6+ f6 53. h5+ Kxh5 54. Kxf5 Rf2+ 55. Ke4 f5+ 56. Ke3 Ra2 57. Kf4 Rf2+ 58. Kg3 Ra2 59. a4 Kg5 60. a5 f4+ 61.
Kf3 Ra3+ 62. Kf2 h5 63. Ra8 Kg4 64. Rg8+ Kf5 65. Ra8 Kg4 66. Rg8+ Kf5 67. Rh8 Kg4 68. Rg8+ 1/2-1/2

[Event "Late-Titled-Tuesday-Blitz-March-26-2024"]
[Site "Chess.com"]
[Date "2024.03.26"]
[Round "1"]
[White "Attacker_2006"]
[Black "GodzillaChessYoutube"]
[Result "0-1"]
[WhiteElo "2393"]
[BlackElo "2711"]
[TimeControl "180+1"]
[EndTime "14:08:39 PDT"]
[Termination "GodzillaChessYoutube won by resignation"]

1. e4 e5 2. Nf3 Nc6 3. Bc4 Be7 4. O-O Nf6 5. Re1 O-O 6. d3 d6 7. h3 Na5 8. Bb3 Nxb3 9. axb3 h6 10. Nc3 a6 11. Be3 c5 12. Qd2 Kh7 13. Ne2 Be6 14.
Ng3 Qd7 15. b4 cxb4 16. Qxb4 Rac8 17. Qd2 Qc7 18. c3 Rfe8 19. d4 Bf8 20. d5 Bd7 21. Nh4 g6 22. Nf3 Bg7 23. Rac1 Qc4 24. Qc2 Ba4 25.
Qb1 Bb5 26. Nd2 Qc7 27. c4 Bd7 28. b3 b6 29. Qd3 a5 30. f4 Ng8 31. fxe5 Bxe5 32.
Bf2 Qd8 33. Qf3 Kg7 34. Ndf1 Nf6 35. Rcd1 b5 36. cxb5 Bxb5 37. Bd4 Nd7 38. Rc1 Qf6 39. Bxe5 Nxe5 40. Qxf6+ Kxf6 41. Ne3 h5 42. Rcd1 Ke7 43. Ne2 Bxe2 44. Rxe2 Rc3 45. Nc4 Nxc4 46. bxc4 Rxc4 47. Ra1 Ra8 48. e5 dxe5 49. Rxe5+ Kd6 50. Re3 Kxd5 51. Rea3 a4 52. Rf1 f5 53. Rd1+ Rd4 54. Rda1 Kc5 55. Kf2 Kb4 56. Ke3 Rc4 57. R3a2 Rc3+ 58. Kf4 a3 59. Kg5 Rg3+ 60. Kh4 Rb3 61. Kg5 Ra6 62.
Re1 Rb2 63. Raa1 a2 64. g4 fxg4 65. hxg4 Rg2 66. Re4+ Kc3 67. Re3+ Kb2 68. Ree1 Rxg4+ 69. Kh6 Rc4 0-1

[Event "Late-Titled-Tuesday-Blitz-March-26-2024"]
[Site "Chess.com"]
[Date "2024.03.26"]
[Round "1"]
[White "TatjanaVasilevich"]
[Black "NitaLucian"]
[Result "1-0"]
[WhiteElo "2611"]
[BlackElo "2277"]
[TimeControl "180+1"]
[EndTime "14:08:45 PDT"]
[Termination "TatjanaVasilevich won by resignation"]

1. d4 d6 2. e4 Nf6 3. Nc3 Nbd7 4. f4 e5 5. Nf3 c6 6. Bc4 Qc7 7. O-O Be7 8. h3 b5 9. Bd3 a6 10. Be3 Bb7 11. a4 O-O 12. Ne2 exd4 13. Nfxd4 c5 14.
Nf5 Rfe8 15. Neg3 c4 16. Be2 Nxe4 17. Nxe7+ Rxe7 18. Nf5 Re6 19. Bf3 Ndc5 20. axb5 axb5 21. Rxa8+ Bxa8 22. Bd4 f6 23. Bg4 Re8 24. Ne3 Bc6 25.
b4 Nb7 26. Bf5 Bd7 27. Bxe4 Rxe4 28. Nd5 Qd8 29. Nc3 Re8 30. Qf3 Qc8 31. Ra1 Bc6 32. Qg3 Qf5 33. Ra6 Nd8 34. Ra7 Nf7 35. Rc7 Rc8 36.
Rxc8+ Qxc8 37. Bxf6 Qf8 38. Bd4 Nh6 39. Qf2 Nf5 40. g4 Nxd4 41. Qxd4 Qe7 42. Qf2 Qf6 43.
Ne2 Qa1+ 44. Kh2 Qh1+ 45. Kg3 Qe4 46. Nd4 Bd7 47. c3 h6 48. Qe2 Qxe2 49. Nxe2 Kf7 50.
Nd4 Kf6 51. h4 g5 52. fxg5+ hxg5 53. h5 Kg7 54. Kf3 d5 55. Nc2 Kf6 56. Ne3 Be6 57.
Nf1 Ke5 58. h6 Bg8 59. Ke3 Bh7 60. Nd2 Bd3 61. Nf3+ Kf6 62. Kd4 Be4 63. Ne5 Bg2 64. h7 Kg7 65. Nf7 Kxh7 66. Nxg5+ Kg6 67. Ne6 Be4 68.
Nf4+ Kg5 69. Nxd5 Bxd5 70. Kxd5 Kxg4 71. Kc5 Kf4 72. Kxb5 Ke4 73. Kxc4 Ke5 74. Kc5 Ke6 75. Kc6 Ke5 76. b5 Ke4 77. b6 1-0

[Event "Late-Titled-Tuesday-Blitz-March-26-2024"]
[Site "Chess.com"]
[Date "2024.03.26"]
[Round "1"]
[White "anasta10"]
[Black "GWR2024"]
[Result "1/2-1/2"]
[WhiteElo "2572"]
[BlackElo "2176"]
[TimeControl "180+1"]
[EndTime "14:08:47 PDT"]
[Termination "Game drawn by repetition"]

1. Nf3 f5 2. d3 d5 3. Nbd2 Nf6 4. g3 Nc6 5. Bg2 e5 6. O-O e4 7. dxe4 dxe4 8. Ng5 h6 9. Nh3 g5 10. e3 Bg7 11.
Nb3 O-O 12. Bd2 Be6 13. Bc3 Qe8 14. Qe2 Qf7 15. Rfd1 Rad8 16. Bf1 Ng4 17. Bxg7 Kxg7 18. Nc5 Nce5 19. Rxd8 Nf3+ 20. Kg2 Rxd8 21. Rd1 Rxd1 22.
Qxd1 Bd5 23. Be2 Ngxh2 24. c4 Bc6 25. Qd8 Ng4 26. Qxc7 Qxc7 27. Ne6+ Kf6 28. Nxc7 Nge5 29. Ng1 Nd2 30. b3 f4 31. gxf4 gxf4 32. exf4 e3+ 33. Nd5+ Bxd5+ 34. cxd5 Ng6 35. fxe3 Ne4 36. Bd3 Nh4+ 37.
Kf1 Ng3+ 38. Kf2 Nh1+ 39. Ke2 Ng3+ 40. Kf2 Nh1+ 41. Ke1 Ng3 42. e4 Nh5 43. e5+ Ke7 44. d6+ Kd8 45. Ne2 Ng2+ 46. Kd2 Ngxf4 47. Nxf4 Nxf4 48. Bf5 Nd5 49. a3 h5 50. Kd3 h4 51.
Ke4 Nc3+ 52. Kf4 Nd5+ 53. Kg5 Ne3 54. Bh3 Nc2 55. Kxh4 Nxa3 56. Kg5 Nb5 57. Kf6 a5 58. e6 Nxd6 59. Bg2 Kc7 60. Bf1 b5 61. Be2 a4 62.
bxa4 bxa4 63. Bd1 a3 64. Bb3 Nc8 65. Kf7 Kd6 66. Ba2 Ne7 67. Kf6 Nc6 68. Kf7 Ne7 69.
Kf6 Nc6 70. Kf7 Ne7 1/2-1/2

[Event "Late-Titled-Tuesday-Blitz-March-26-2024"]
[Site "Chess.com"]
[Date "2024.03.26"]
[Round "1"]
[White "dasatcu90"]
[Black "xasid81"]
[Result "0-1"]
[WhiteElo "2224"]
[BlackElo "2603"]
[TimeControl "180+1"]
[EndTime "14:08:52 PDT"]
[Termination "xasid81 won on time"]

1. d4 d6 2. Nf3 Nf6 3. c4 Nbd7 4. Nc3 e5 5. Bg5 Be7 6. dxe5 Nxe5 7. e3 O-O 8. Be2 h6 9. Bh4 Ng6 10. Bg3 b6 11.
O-O Bb7 12. Nd4 Ne4 13. Nxe4 Bxe4 14. Bf3 Bxf3 15. Qxf3 Bf6 16. Rad1 Bxd4 17. Rxd4 Qe7 18.
Rfd1 Rfe8 19. Qc6 a5 20. b3 Rad8 21. h3 Qd7 22. Qf3 Qc8 23. Qc6 Ne7 24. Qf3 Qa8 25. Qg4 Ng6 26. h4 Ne5 27. Bxe5 Rxe5 28.
Rd5 Rde8 29. Rxe5 Rxe5 30. Qd7 Qb8 31. g3 Re8 32. Rd4 Qc8 33. Qc6 Qd8 34. Re4 Rxe4 35.
Qxe4 h5 36. Qd5 g6 37. Kg2 Kg7 38. Qd4+ Qf6 39. Qd5 Qe7 40. Qd4+ Kg8 41. e4 f6 42. Qd5+ Kg7 43. Kf3 Qf7 44. Ke3 Qe7 45. Kd4 g5 46.
Qf5 c6 47. Kd3 Kh6 48. f4 gxf4 49. Qxf4+ Kg6 50. Qf5+ Kh6 51. g4 hxg4 52. Qxg4 Qe5 53. a4 b5 54. axb5 cxb5 55. Qc8 bxc4+ 56. bxc4 Kh5 57.
Qh8+ Kg4 58. h5 Qxh5 59. Qxf6 Qh3+ 60. Kd4 Qa3 61. Qf5+ Kh4 62. Qf4+ Kh3 63. Qf5+ Kg3 64. Qg5+ Kf2 65. Qh4+ Kg2 66. Qg4+ Kf1 67. Qd1+ Kf2 0-1

[Event "Late-Titled-Tuesday-Blitz-March-26-2024"]
[Site "Chess.com"]
[Date "2024.03.26"]
[Round "1"]
[White "Savagelittlemole"]
[Black "OparinGrigoriy"]
[Result "1-0"]
[WhiteElo "2523"]
[BlackElo "2976"]
[TimeControl "180+1"]
[EndTime "14:08:55 PDT"]
[Termination "Savagelittlemole won on time"]

1. e4 c6 2. d4 d5 3. exd5 cxd5 4. Nf3 Nc6 5. Bb5 Qc7 6. O-O Bg4 7.
h3 Bh5 8. Nbd2 e6 9. c3 Bd6 10.
Re1 Ne7 11. Nf1 O-O 12. Be2 Rae8 13. Ne3 f6 14. b3 Bf7 15. Bb2 h6 16. c4 Qd7 17. Rc1 Rd8 18. cxd5 Nxd5 19. Nxd5 exd5 20. Bd3 Rfe8 21. Qd2 g5 22. Bb1 Kg7 23. Qd3 Rh8 24. a3 h5 25. b4 Rde8 26. Rxe8 Qxe8 27. Re1 Qd8 28. Bc1 Ne7 29. Qb5 Qc7 30. Bd2 a6 31. Qe2 Ng6 32. Rc1 Qd7 33. Qd3 g4 34. Nh2 Nf4 35.
Bxf4 Bxf4 36. Re1 gxh3 37. gxh3 Kf8 38. Kh1 Rg8 39. Rg1 Rxg1+ 40. Kxg1 Qc8 41. Kg2 Ke7 42. Qe2+ Kd6 43. Qf3 Qc1 44. Nf1 Be6 45. Bd3 h4 46.
Ne3 Bxe3 47. fxe3 Qd2+ 48. Be2 Ke7 49. Kf2 Qc3 50. Qf4 Bf7 51. Qxh4 Qxa3 52. Qf4 Qxb4 53. Qc7+ Kf8 54. Qb8+ Kg7 55. Qg3+ Kh8 56. Qh4+ Kg8 57.
Qxf6 Qf8 58. Qg5+ Bg6+ 59. Kg3 Qd6+ 60. Kg4 Kf7 61. Bf3 Qe6+ 62. Kg3 Qd6+ 63. Kf2 Be4 64.
Qh5+ Kg7 65. Qg5+ Kf7 66. Qh5+ Kf8 67. Qg4 Bxf3 68. Qxf3+ Ke7 69. Qh5 Kd7 70. Ke2 a5 71. Qh7+ Kc6 72. Qc2+ Kb6 73. Qb3+ Ka6 74. Qd3+ b5 75.
Qc3 a4 76. Qc8+ Ka5 77. Kd3 Qg6+ 78. Kd2 1-0

[Event "Late-Titled-Tuesday-Blitz-March-26-2024"]
[Site "Chess.com"]
[Date "2024.03.26"]
[Round "1"]
[White "Abhishek2"]
[Black "aghasiyevkamal"]
[Result "0-1"]
[WhiteElo "2310"]
[BlackElo "2648"]
[TimeControl "180+1"]
[EndTime "14:09:03 PDT"]
[Termination "aghasiyevkamal won by checkmate"]

1. d4 d5 2. Bf4 Nf6 3. e3 e6 4.
Nf3 Bd6 5. Ne5 O-O 6. Nd2 c5 7. c3 Qc7 8. Bd3 Nbd7 9. Ndf3 Ne4 10. O-O f6 11. Nxd7 Bxd7 12. Bxe4 Bxf4 13. Bxh7+ Kxh7 14. exf4 Qxf4 15. dxc5 Bc6 16. Nd4 Rae8 17. Qh5+ Qh6 18. Qf3 Bd7 19. Rfe1 a6 20. Rad1 Kg8 21. Re3 Qg5 22.
Qe2 e5 23. Rg3 Qh6 24. Nc2 Be6 25. Nb4 Rd8 26. h3 Rd7 27. c6 bxc6 28. Qxa6 Qh5 29. Re1 Rd6 30. Nxc6 Qe8 31. Qb7 Rf7 32. Qb8 Qxb8 33. Nxb8 Rb7 34. b4 Rxb8 35. a4 d4 36. cxd4 Rxd4 37. a5 Rdxb4 38. Ra3 Rb3 39. Raa1 Ra8 40.
Red1 Rb5 41. Rd6 Kf7 42. Rc1 Ra7 43. a6 Ra5 44. Rcc6 Ba2 45. Rb6 Bc4 46. Rb7+ Rxb7 47. axb7 Rb5 48. Rd7+ Kg6 49. Kh2 Be6 50. Re7 Bd5 51.
Rd7 Bxb7 52. Kg3 Rb3+ 53. f3 e4 54. h4 exf3 55. gxf3 Bxf3 56. Kf4 Bh5 57. Rc7 Rb4+ 58. Kg3 Rg4+ 59. Kh3 f5 60. Rc6+ Kh7 61. Rd6 g6 62. Rd7+ Kh6 63. Rd6 Re4 64. Rc6 f4 65. Rf6 Kg7 66.
Rc6 Re3+ 67. Kh2 Re2+ 68. Kh3 f3 69. Rc1 f2 70. Rf1 Kf6 71. Kg2 Kf5 72. Rxf2+ Rxf2+ 73. Kxf2 Kg4 74. Kg2 Kxh4 75. Kh2 g5 76. Kg2 Bf7 77. Kh2 g4 78. Kg2 Bd5+ 79. Kf2 Kh3 80. Ke3 g3 81.
Kd4 Ba8 82. Ke5 g2 83. Kd6 g1=Q 84. Ke5 Qg3+ 85. Kf5 Bd5 86. Kf6 Qf4+ 87. Ke7 Qe5+ 88. Kd7 Qe6+ 89. Kc7 Qc6+ 90. Kd8 Kg4 91. Ke7 Kf5 92.
Kf8 Qb7 93. Ke8 Ke6 94. Kf8 Qf7# 0-1

[Event "Late-Titled-Tuesday-Blitz-March-26-2024"]
[Site "Chess.com"]
[Date "2024.03.26"]
[Round "1"]
[White "Angry_Twin"]
[Black "secretsuperstar7"]
[Result "0-1"]
[WhiteElo "2891"]
[BlackElo "2502"]
[TimeControl "180+1"]
[EndTime "14:09:07 PDT"]
[Termination "secretsuperstar7 won by resignation"]

1. e4 c5 2. Nf3 Nc6 3. Bb5 Nd4 4.
Nxd4 cxd4 5. O-O a6 6. Bd3 d6 7. c3 dxc3 8. Nxc3 Nf6 9. Bc2 Bg4 10. f3 Bh5 11. d4 e6 12. Be3 Be7 13. Qd2 O-O 14. Rad1 b5 15. a3 Rc8 16. Rfe1 Nd7 17. Ne2 Nb6 18. b3 d5 19. Nf4 Bg6 20. Ra1 Qc7 21. Bd3 Qc3 22. Reb1 dxe4 23. fxe4 Rfd8 24. Qe2 Bf6 25. Nxg6 hxg6 26. e5 Be7 27. a4 Nd5 28. Rc1 Qxb3 29. Rcb1 Qc3 30. Rc1 Qb3 31. Rxc8 Rxc8 32.
axb5 axb5 33. Rb1 Qa3 34. Rxb5 Nc3 35. Qc2 Qa1+ 36. Bc1 Ba3 37. Rb1 Qxb1 38. Qxb1 Nxb1 39. Bg5 Rb8 40. h4 Bb2 41. d5 Bxe5 42. dxe6 fxe6 43.
Bxg6 Nc3 44. h5 Ne2+ 45. Kf2 Nf4 46. Be4 Rb2+ 47. Kf3 Nd5 48. g4 Nf6 49. Bc6 Rb3+ 50.
Kg2 Nxg4 51. Bd7 Kf7 52. Bc8 Ne3+ 53. Kf2 Nf5 54. Bd7 Rb2+ 55. Kf3 Rh2 56. Bc8 Rxh5 57. Bd2 Rh3+ 58. Ke4 Nd6+ 59. Kxe5 Nxc8 60. Kf4 Rd3 61. Be1 Rd8 62. Ke4 Ne7 63. Bg3 Rd7 64. Bh4 Nf5 65.
Bf2 g5 66. Ke5 g4 67. Kf4 Rd2 68. Bb6 g3 69. Ke4 g2 70. Kf3 Nh4+ 71. Kg3 Rd1 72.
Kh2 g1=Q+ 73. Bxg1 Nf3+ 74. Kg2 Rxg1+ 75. Kh3 Ng5+ 76.
Kh2 Rd1 77. Kg2 e5 78. Kf2 e4 79. Ke2 Rd8 0-1

[Event "Late-Titled-Tuesday-Blitz-March-26-2024"]
[Site "Chess.com"]
[Date "2024.03.26"]
[Round "1"]
[White "AryanTari"]
[Black "ACollins05"]
[Result "1-0"]
[WhiteElo "2996"]
[BlackElo "2511"]
[TimeControl "180+1"]
[EndTime "14:09:17 PDT"]
[Termination "AryanTari won by checkmate"]

1. e4 c5 2. Nf3 d6 3. Bc4 Nf6 4. d3 Nc6 5. c3 g6 6. O-O Bg7 7. h3 O-O 8. Re1 b6 9. Bb3 Bb7 10. d4 cxd4 11. cxd4 Rc8 12. Nc3 e6 13. Bg5 h6 14.
Bh4 g5 15. Bg3 Na5 16. Bc2 Nc4 17. Qc1 a6 18. Bd3 b5 19. a3 Nb6 20. Qd2 Nc4 21.
Qe2 Qb6 22. Rac1 Qa5 23. Bxc4 Rxc4 24. Bxd6 Rfc8 25. Ne5 Rxd4 26. Rcd1 Rxd1 27. Rxd1 Ne8 28. Bb4 Qc7 29. Rd7 Qxe5 30. Rxb7 Nf6 31. Qf3 Rb8 32.
Ra7 h5 33. Rxa6 g4 34. hxg4 hxg4 35. Qe3 Rd8 36. Rc6 Kh7 37. g3 Bh6 38. Qe2 Rd2 39. Qxb5 Qxb5 40. Nxb5 Rxb2 41. Bc3 Rb1+ 42. Kg2 Nxe4 43.
a4 Nxc3 44. Nxc3 Ra1 45. Ra6 Bg7 46. Nb5 Ra2 47. Ra7 Bf8 48. Rxf7+ Kg8 49. Rf4 Bg7 50. Rxg4 e5 51. Re4 Kf7 52. Nc3 Ra3 53. Nb5 Ra2 54. Rc4 Ke6 55. Kf3 Bf6 56. Rc6+ Ke7 57. Nc3 Ra3 58. Ke4 Bg7 59. Nd5+ Kd7 60. Rc7+ Kd8 61. Rxg7 Rxa4+ 62. Kxe5 Ra5 63. f4 Ra2 64. f5 Re2+ 65.
Kd6 Re8 66. Rd7+ Kc8 67. Re7 Rd8+ 68. Ke6 Rf8 69. f6 Rh8 70. f7 Rh6+ 71. Nf6 Rh8 72. g4 Kd8 73. g5 Kc8 74. g6 Rd8 75. g7 Kb8 76. f8=B Rc8 77. g8=Q Rc6+ 78. Kf7 Rc8 79. Re8 Ka7 80. Rxc8 Kb7 81. Re8 Ka7 82. Qg6 Kb7 83. Nd7 Ka7 84. Bc5+ Kb7 85. Rb8+ Kc7 86. Qd6# 1-0

[Event "Late-Titled-Tuesday-Blitz-March-26-2024"]
[Site "Chess.com"]
[Date "2024.03.26"]
[Round "1"]
[White "Byniolus"]
[Black "CFalcons8"]
[Result "1-0"]
[WhiteElo "2737"]
[BlackElo "2401"]
[TimeControl "180+1"]
[EndTime "14:09:22 PDT"]
[Termination "Byniolus won on time"]

1. d4 Nf6 2. Nf3 e6 3. Bf4 d5 4. e3 c5 5. c3 Nc6 6. Nbd2 cxd4 7. cxd4 Nh5 8. Be5 f6 9. Bg3 g6 10. Bh4 Be7 11. Bd3 O-O 12. O-O e5 13. Be2 e4 14.
Ne1 Ng7 15. Qb3 Nf5 16. Bg3 Qa5 17. Rd1 Ncxd4 18. exd4 Nxd4 19. Qe3 Nf5 20. Qc3 Bb4 21. Qc1 Nd4 22. Bc4 dxc4 23. Qxc4+ Ne6 24. Nb3 Qb6 25. Nc2 Be7 26. Qxe4 Qc6 27. Qxc6 bxc6 28. Rfe1 Rd8 29. Ncd4 Nxd4 30. Nxd4 Bb4 31. Nxc6 Rxd1 32. Rxd1 Bg4 33.
Rd4 Rc8 34. Rxg4 Rxc6 35. h4 a5 36. a3 Bd2 37. Rd4 Bc1 38. b4 a4 39. b5 Rb6 40.
Rxa4 Rxb5 41. Ra8+ Kg7 42. a4 Rb1 43. Kh2 Bd2 44.
a5 Bb4 45. Bc7 Rc1 46. Bb6 Bd6+ 47. g3 Rc4 48. a6 Rxh4+ 49. Kg2 Ra4 50. a7 Kh6 51.
Rd8 Be7 52. a8=Q Rxa8 53. Rxa8 f5 54. Be3+ g5 55. Ra7 Bf6 56. Ra6 Kg7 57. f4 g4 58.
Kf2 h5 59. Ke2 h4 60. gxh4 Bxh4 61. Kf1 Bf6 62. Kg2 Bh4 63. Bd4+ Kf7 64. Be5 Be7 65.
Ra7 Ke6 66. Kf2 Kd5 67. Ra6 Ke4 68. Kg2 Bc5 69. Ra4+ Kd5 70. Bb8 Bd4 71. Ra5+ Ke4 72.
Ra4 Kd3 73. Kg3 Bc3 74. Ba7 Be1+ 75. Bf2 Bc3 76. Kh4 Ke2 77. Bg3 Bf6+ 78. Kh5 Kf3 79.
Ra3+ Kg2 80. Kg6 1-0

[Event "Late-Titled-Tuesday-Blitz-March-26-2024"]
[Site "Chess.com"]
[Date "2024.03.26"]
[Round "1"]
[White "Aram7Adam"]
[Black "Elsa167"]
[Result "1/2-1/2"]
[WhiteElo "2441"]
[BlackElo "2801"]
[TimeControl "180+1"]
[EndTime "14:09:31 PDT"]
[Termination "Game drawn by stalemate"]

1. e4 e6 2. d4 d5 3. Nd2 c5 4. Ngf3 cxd4 5. exd5 Qxd5 6. Bc4 Qd7 7. Nb3 Nc6 8.
Nbxd4 Nxd4 9. Qxd4 Qxd4 10. Nxd4 a6 11. a4 Bd7 12. O-O Bc5 13. Nf3 Nf6 14. Ne5 Ke7 15. Bg5 Rhd8 16. Rfd1 Be8 17. Bb3 h6 18. Bxf6+ gxf6 19. Ng4 f5 20. Ne5 Bd4 21. Nc4 b5 22. axb5 axb5 23. Rxa8 Rxa8 24. Nd2 Bxb2 25. h3 Bc3 26.
Nf3 Bc6 27. Nd4 Bd7 28. Nf3 b4 29. Ne1 Ra1 30. Rxa1 Bxa1 31. Nd3 Bc3 32. Kf1 Kd6 33. f3 f6 34. Ke2 e5 35. f4 Bc6 36. g3 Bb5 37. Ke3 Bd4+ 38. Kd2 e4 39. Nxb4 Bf2 40. c4 Bd7 41. Nd5 Bxg3 42. Ke3 Bh4 43. Nb6 Bc6 44. Nc8+ Kc5 45. Ne7 Bd7 46. Nd5 Be8 47. Ne7 Bd7 48. Nd5 h5 49. Bd1 Be6 50. Bxh5 Kxc4 51. Ne7 Be1 52. Bg6 Bb4 53. Nxf5 Kd5 54.
Ne7+ Bxe7 55. Bxe4+ Kd6 56. h4 f5 57. Bf3 Bxh4 58. Ke2 Bd8 59. Kd3 Bd5 60. Bh5 Be4+ 61. Kc4 Bb6 62. Bg6 Be3 63. Bh5 Bxf4 64. Be2 Ke5 65. Kc5 Be3+ 66. Kc4 f4 67. Bh5 Bb7 68. Kd3 Ba6+ 69. Kc2 Kf5 70. Kd1 Kg5 71. Bf3 Kh4 72. Bd5 Kg3 73. Kc2 f3 74. Bxf3 Kxf3 75. Kb3 Ke4 76.
Kc3 Bd4+ 77. Kb4 Kd5 78. Ka5 Bc4 79. Kb4 Bd3 80. Kb3 Kc5 81. Ka4 Kc4 82. Ka5 Bc2 83. Ka6 Be4 84. Ka5 Bc5 85. Ka6 Bb4 86. Kb6 Bd5 87. Kc7 Kc5 88. Kd7 Bc3 89. Ke7 Be5 90. Kd7 Bd6 91. Ke8 Be6 92. Kd8 Kd5 93. Ke8 Ke5 94. Kd8 Kf6 95. Ke8 Be5 96. Kd8 Bd5 97.
Kd7 Kf7 98. Kc8 Ke7 1/2-1/2

[Event "Late-Titled-Tuesday-Blitz-March-26-2024"]
[Site "Chess.com"]
[Date "2024.03.26"]
[Round "1"]
[White "czasnaszachy"]
[Black "MarcoRiehle"]
[Result "0-1"]
[WhiteElo "2423"]
[BlackElo "2787"]
[TimeControl "180+1"]
[EndTime "14:09:49 PDT"]
[Termination "MarcoRiehle won on time"]

1. e4 e5 2. Nf3 Nf6 3. Nxe5 Nxe4 4. Qe2 Qe7 5. Qxe4 d6 6. d4 dxe5 7. dxe5 Nc6 8. Nc3 Qxe5 9. Qxe5+ Nxe5 10. Bf4 f6 11. O-O-O Bd7 12. Bb5 O-O-O 13. Bxe5 fxe5 14. Bxd7+ Rxd7 15. Rxd7 Kxd7 16. Rd1+ Bd6 17. Ne4 Kc6 18.
c4 Rf8 19. f3 h6 20. Kc2 a5 21.
a3 b6 22. Kc3 g5 23. h3 h5 24.
b4 axb4+ 25. axb4 g4 26. b5+ Kd7 27. hxg4 hxg4 28. fxg4 Rf4 29. Kd3 Ke6 30. Rh1 Rxg4 31. Rh6+ Ke7 32. Rh7+ Ke6 33. Rh6+ Ke7 34. Rh7+ Kd8 35.
g3 Rg6 36. Ke3 Be7 37. Kf3 Kd7 38. g4 c6 39. Rh5 cxb5 40. cxb5 Ke6 41. g5 Kf5 42.
Ng3+ Ke6 43. Ne4 Bf8 44. Kg4 Rg7 45. Nf6 Rc7 46. Ne4 Rc4 47. Kf3 Kf5 48. g6+ Kxg6 49. Rxe5 Kf7 50. Rf5+ Ke8 51. Re5+ Kd7 52. Ke3 Ra4 53.
Kd3 Ra5 54. Rf5 Be7 55. Kc4 Ra4+ 56. Kd5 Rb4 57. Nc3 Rh4 58. Ne4 Rh1 59. Nf6+ Kc7 60.
Ne4 Rd1+ 61. Kc4 Rb1 62. Nc3 Rb4+ 63. Kd3 Kd6 64. Rd5+ Ke6 65. Rd4 Rb3 66. Kc4 Rb2 67. Re4+ Kd7 68. Rd4+ Kc8 69. Re4 Bc5 70. Nd5 Rc2+ 71.
Kb3 Rh2 72. Rg4 Kd7 73. Rg7+ Kd6 74. Nc3 Rh3 75. Rg6+ Kd7 76. Kc4 Rh4+ 77. Kd3 Rd4+ 78. Kc2 Kc7 79. Rg7+ Kd6 80. Rg6+ Kc7 81. Rg7+ Kd8 82.
Rg6 Rh4 83. Rg3 Kd7 84. Rd3+ Ke6 85. Nd5 Rc4+ 86. Nc3 Ke5 87. Kb3 Rh4 88. Rd5+ Ke6 89. Rg5 Bd4 90. Kc2 Bf6 91. Rg3 Kd6 92. Kb3 Kc5 93. Rd3 Rb4+ 94. Kc2 Rc4 95. Rd5+ Kb4 96. Rd3 Rxc3+ 97. Rxc3 Bxc3 0-1

[Event "Late-Titled-Tuesday-Blitz-March-26-2024"]
[Site "Chess.com"]
[Date "2024.03.26"]
[Round "1"]
[White "Quattroporte300"]
[Black "Iball95"]
[Result "1/2-1/2"]
[WhiteElo "2477"]
[BlackElo "2880"]
[TimeControl "180+1"]
[EndTime "14:10:22 PDT"]
[Termination "Game drawn - insufficient material"]

1. e4 c5 2. Nc3 e6 3. g3 d5 4.
exd5 exd5 5. Bg2 Nf6 6. Nf3 d4 7. Qe2+ Be7 8. Ne4 O-O 9. O-O Nxe4 10. Qxe4 Nc6 11. d3 Re8 12. Qe2 Bd6 13. Qd1 Bg4 14. h3 Bh5 15. Bd2 Qc7 16. g4 Bg6 17. Nh4 Bh2+ 18. Kh1 Bf4 19. Nxg6 hxg6 20. Be4 Re6 21.
Bxf4 Qxf4 22. Qf3 Qd2 23. Qd1 Qf4 24. Qf3 Qd2 25. Qd1 Qh6 26. Kg2 Rae8 27. f4 Qh4 28. Qf3 Nb4 29. Rf2 R8e7 30. a3 Nc6 31. Raf1 Kh8 32.
Qg3 Qxg3+ 33. Kxg3 a6 34. h4 Kg8 35. Rh1 Na7 36. h5 gxh5 37. Rxh5 g6 38. Rxc5 Nb5 39. Rd5 Kg7 40. a4 Nd6 41. Rxd4 Nxe4+ 42. dxe4 Rxe4 43. Rxe4 Rxe4 44. b3 Kf6 45. Rd2 Ke6 46. Kf3 Rb4 47.
Rd8 f5 48. g5 Rb6 49. Rf8 Ke7 50. Rc8 Kd7 51. Rg8 Rc6 52. c4 Rb6 53. Rg7+ Ke8 54.
Ke3 Kf8 55. Rc7 Rxb3+ 56. Kd4 Rb4 57. a5 b5 58. Rc6 Ke7 59. Kd5 Rxc4 60. Rxa6 Rxf4 61.
Rxg6 Ra4 62. a6 f4 63. Ke5 f3 64. Rf6 f2 65. Rxf2 Rxa6 66. Rh2 b4 67. Rh7+ Kf8 68. Rb7 Ra5+ 69. Kf6 Ra6+ 70. Kf5 Ra5+ 71. Kg6 Ra8 72. Rxb4 Kg8 73. Rb6 Rd8 74. Kh6 Ra8 75. g6 Rc8 76.
Rd6 Ra8 77. Rc6 Rb8 78. Rd6 Ra8 79. Re6 Rb8 80. Kg5 Rb5+ 81. Kf6 Rb8 82. Rd6 Rf8+ 83. Ke7 Ra8 84. Rf6 Ra7+ 85. Ke6 Ra6+ 86. Kf5 Ra5+ 87. Kg4 Kg7 88. Rf7+ Kxg6 89. Rf4 Rg5+ 90. Kf3 Rb5 91.
Rg4+ Kf5 92. Rf4+ Kg5 93. Rg4+ Kf6 94. Rf4+ Ke6 95. Re4+ Kd5 96. Rh4 Rb3+ 97. Kg4 Ke4 98.
Kg5+ Ke5 99. Rh1 Rg3+ 100. Kh4 Rg8 101. Re1+ Kd4 102. Rd1+ Ke4 103. Re1+ Kf4 104. Rf1+ Ke3 105. Re1+ Kf2 106. Re7 Rh8+ 107. Kg5 Rg8+ 108. Kf4 Rf8+ 109. Ke4 Rf3 110. Re5 Re3+ 111. Kd5 Rxe5+ 112. Kxe5 1/2-1/2

[Event "Late-Titled-Tuesday-Blitz-March-26-2024"]
[Site "Chess.com"]
[Date "2024.03.26"]
[Round "1"]
[White "newyorkmouse"]
[Black "inagreV"]
[Result "1/2-1/2"]
[WhiteElo "2697"]
[BlackElo "2398"]
[TimeControl "180+1"]
[EndTime "14:10:40 PDT"]
[Termination "Game drawn - insufficient material"]

1. Nf3 Nf6 2. c4 g6 3. b4 Bg7 4. Bb2 O-O 5. g3 d5 6. cxd5 Nxd5 7. Bxg7 Kxg7 8. Qb3 e6 9. Bg2 Qe7 10. a3 a5 11. b5 Nd7 12. O-O Qf6 13. Nc3 Nc5 14.
Qb2 Nxc3 15. Qxc3 Qxc3 16. dxc3 Bd7 17. c4 Rfd8 18. Rfd1 f6 19. Rab1 e5 20. Nd2 Rab8 21. Nb3 Nxb3 22. Rxb3 Be6 23. Rbd3 Rxd3 24. Rxd3 Kf7 25.
c5 Ke7 26. b6 cxb6 27. cxb6 Rc8 28. Bxb7 Rc1+ 29. Kg2 Rb1 30. Bd5 Rxb6 31. Bxe6 Kxe6 32.
Rd8 Rb3 33. Rh8 h5 34. Rh6 Kf7 35. Rh7+ Ke6 36. Rg7 g5 37. Rh7 Rxa3 38. Rxh5 Kf5 39.
Rh8 Ra2 40. e3 a4 41. Ra8 a3 42. Ra6 g4 43. Ra4 Kg5 44. Ra8 Kf5 45. Rg8 Ra1 46.
Ra8 a2 47. Ra4 Ke6 48. e4 Kd6 49. Ra6+ Kc5 50. Ra8 Kd4 51. Ra4+ Kc3 52. Ra8 Kd3 53. Ra4 Kc2 54. Ra6 Kb2 55. Rb6+ Kc3 56. Rc6+ Kd4 57. Ra6 Kxe4 58. Ra4+ Kf5 59. Ra5 Ke6 60. Ra6+ Kf5 61. Ra5 Kg5 62. Ra4 f5 63. Ra5 Kf6 64. Ra6+ Ke7 65.
Ra5 Kd6 66. Ra6+ Kd5 67. Ra5+ Kd4 68. Ra4+ Kc3 69. Ra8 Kb2 70. Rb8+ Kc2 71. Rc8+ Kd2 72.
Rd8+ Ke2 73. Ra8 e4 74. Ra3 Kd2 75. Ra8 Kc3 76. Rc8+ Kd4 77. Rd8+ Ke5 78. Re8+ Kf6 79. Rf8+ Kg6 80. Rg8+ Kf7 81. Ra8 Kf6 82. Ra6+ Ke5 83. Ra5+ Kd4 84. Ra4+ Kd3 85. Ra8 Ke2 86. Ra3 Kd2 87.
Ra8 Kd3 88. Ra3+ Kc2 89. Ra8 e3 90. fxe3 Kd3 91. Ra3+ Ke2 92. Ra8 Kxe3 93. Re8+ Kd2 94. Rd8+ Kc3 95. Rc8+ Kd4 96. Rd8+ Ke5 97. Re8+ Kf6 98.
Rf8+ Kg7 99. Ra8 Kg6 100. Ra6+ Kg5 101. Ra5 Rc1 102. Rxa2 Rc6 103. Ra8 Rc2+ 104. Kg1 Kf6 105. Ra4 Ke5 106. Rf4 Rd2 107. Rf1 Ke4 108. Ra1 Kf3 109. Ra3+ Ke2 110. Ra5 f4 111. gxf4 Kf3 112. Ra3+ Kxf4 113. Ra4+ Kg5 114. Ra3 Kh4 115. Rb3 Rc2 116. Ra3 Rb2 117. Rc3 Rb4 118. Rc2 Rb1+ 119. Kg2 Rb3 120. Rc8 Rf3 121. Rh8+ Kg5 122. h4+ Kf4 123. Rf8+ Ke4 124. Re8+ Kf5 125. Rf8+ Kg6 126. Rg8+ Kh5 127. Rh8+ Kg6 128. h5+ Kg5 129. h6 Rh3 130. h7 Kg6 131. Rg8+ Kxh7 132. Rxg4 Rh6 133. Kf3 Rf6+ 134. Kg3 Rg6 135. Kh3 Rxg4 136. Kxg4 1/2-1/2